[Event "7th Sharjah Masters 2024"]
[Site "Sharjah"]
[Date "2024.05.14"]
[Round "1.33"]
[White "Gledura, Benjamin"]
[Black "Siddharth, Jagadeesh"]
[Result "1/2-1/2"]
[ECO "D97"]
[WhiteElo "2619"]
[BlackElo "2512"]
[Annotator "RC"]
[PlyCount "30"]
[EventDate "2024.05.13"]
[EventType "swiss"]
[EventCountry "UAE"]
[SourceTitle "playchess.com"]
[Source "ChessBase"]
[SourceQuality "1"]
[TimeControl "5400+30"]

1. d4 Nf6 2. c4 g6 3. Nc3 d5 4. Nf3 Bg7 5. Qb3 dxc4 6. Qxc4 O-O 7. e4 a6 8. e5 b5 9. Qb3 Nfd7 10. e6 fxe6 11. Be3 Nf6 12. Be2 Nc6 13. Rd1 Qd6 14. O-O Ng4 15. h3 Nxe3 1/2-1/2

[Event "7th Sharjah Masters 2024"]
[Site "Sharjah"]
[Date "2024.05.14"]
[Round "1.34"]
[White "Blohberger, Felix"]
[Black "Maurizzi, Marc`Andria"]
[Result "1/2-1/2"]
[ECO "D30"]
[WhiteElo "2506"]
[BlackElo "2618"]
[Annotator "TA"]
[PlyCount "61"]
[EventDate "2024.05.13"]
[EventType "swiss"]
[EventCountry "UAE"]
[SourceTitle "playchess.com"]
[Source "ChessBase"]
[SourceQuality "1"]
[TimeControl "5400+30"]

1. d4 d5 2. c4 e6 3. Nf3 a6 4. Bg5 Be7 5. Bxe7 Qxe7 6. e3 Nf6 7. Nc3 O-O 8. Rc1 b6 9. cxd5 exd5 10. Bd3 Bb7 11. O-O Nbd7 12. Qe2 c5 13. b3 b5 14. dxc5 Nxc5 15. Nd4 g6 16. Rc2 Rac8 17. Rfc1 Nfe4 18. Nd1 h5 19. f3 Nf6 20. Qd2 Ne6 21. Nxe6 Qxe6 22. Qb4 Rxc2 23. Rxc2 Rc8 24. Qd4 Rxc2 {[%emt 0:00:48] The position is equal.} 25. Bxc2 Nd7 26. b4 Ne5 27. Bb3 Qe7 28. Nc3 Nc4 29. Bxc4 dxc4 30. a3 Bc6 31. Ne2 {[%emt 0:10:58] Weighted Error Value: White=0.05 (flawless) /Black=0.04 (flawless) .  OK:         	White=14    	Black=11     Best:        	---       	Black=1} 1/2-1/2

[Event "7th Sharjah Masters 2024"]
[Site "Sharjah"]
[Date "2024.05.14"]
[Round "1.35"]
[White "Yuffa, Daniil"]
[Black "Madaminov, Mukhiddin"]
[Result "1/2-1/2"]
[ECO "D35"]
[WhiteElo "2617"]
[BlackElo "2506"]
[Annotator "TA"]
[PlyCount "136"]
[EventDate "2024.05.13"]
[EventType "swiss"]
[EventCountry "UAE"]
[SourceTitle "playchess.com"]
[Source "ChessBase"]
[SourceQuality "1"]
[TimeControl "5400+30"]

1. c4 e6 2. Nc3 d5 3. d4 Nf6 4. cxd5 exd5 5. Bg5 c6 6. e3 h6 7. Bh4 Be7 8. Bd3 O-O 9. Nge2 Re8 10. O-O a5 11. Rc1 {[%emt 0:00:15] White has an edge.} Nbd7 12. Bg3 Nf8 13. h3 Ne6 14. Be5 Nd7 15. Bh2 b6 16. a3 Bb7 17. Bb1 Rc8 18. Ng3 g6 19. f4 (19. Nge2 $11 {deserves consideration.}) 19... Nef8 (19... f5 $1 $15) 20. e4 $14 dxe4 (20... b5 $14) 21. f5 $16 {[%emt 0:00:19] aiming for fxg6.} (21. Ngxe4 $6 Ba6 $14) (21. Ncxe4 $6 f5 $11) 21... Ba6 (21... Nf6 $16) 22. fxg6 $1 $18 fxg6 (22... Nxg6 $142 23. Rf2 Nf6) 23. Ba2+ $1 Kh8 24. Rf7 Nh7 25. Ngxe4 (25. Ncxe4 $6 Ng5 $16) 25... Ng5 {[%emt 0:02:16] [#]} 26. Rxe7 Qxe7 $11 27. Nd6 (27. Bd6 $11 Qg7 28. Nxg5 hxg5 29. Qd2) 27... Qe3+ $19 28. Kh1 {[%emt 0:00:00][%cal Od1g1] [#]} Nf6 $4 29. Qg1 $18 Qd2 (29... Qxg1+ {was worth a try.} 30. Kxg1 Kh7) 30. Bb1 Kh7 (30... c5 $142) 31. Nxe8 Rxe8 32. Be5 {[%emt 0:00:00] Threatens to win with Rc2.} Nh5 {[%emt 0:02:01][%cal Oe8e5] ...Rxe5! would now be deadly.} 33. Rc2 $1 Qd3 34. Re2 Qc4 35. Ba2 Qd3 36. Bb1 {[%emt 0:00:33] This pair of bishops is nice.} Qc4 37. Qe1 Rf8 $2 (37... c5 {is a better chance.}) 38. Rf2 (38. Ba2 $142 Qd3 39. Bd6) 38... Rxf2 39. Qxf2 Qe6 40. Ba2 $40 {[%emt 0:02:10][%cal Of2f8][%mdl 128] White wants to mate with Qf8! Black is in trouble.} Bc4 $2 (40... Qf5 41. Qxf5 gxf5) 41. Bxc4 Qxc4 {[%emt 0:00:00] [#]} 42. d5 $1 Kg8 {[%emt 0:01:34] Wards off Qf8+} 43. Qxb6 Qf1+ 44. Kh2 Nf7 $2 {[%emt 0:00:40] Wards off dxc6} (44... Qe1) 45. dxc6 {[%emt 0:00:52] c7 is the strong threat.} Qf5 46. Qb8+ Kh7 47. Bg3 Nxg3 48. Qxg3 {[%emt 0:00:09][%mdl 4096] Endgame. Black must now prevent c7. KQN-KQN} Qc5 49. Qf4 Kg7 50. c7 Nd6 51. Na4 ({White should play} 51. Qg3 $18) 51... Qxc7 $16 52. Qe5+ Kf7 53. Nc5 {[%emt 0:00:09] White is more active.} Qe7 54. Qd5+ Kg7 (54... Kf6 $16 55. Nd3 Nf5) 55. Ne6+ Kh7 56. b4 $1 a4 57. Nd4 {[%emt 0:00:59] Against Nf5} (57. Nf4 $18) 57... Qf6 (57... Ne4 $16 {keeps fighting.}) 58. Ne6 Qe7 59. Nf4 Qf6 60. Nd3 h5 61. b5 Nf5 62. Ne5 Ne3 $2 (62... Nd6 63. Kg1 Nxb5) 63. Qd7+ $18 Kh6 64. Nf7+ $2 (64. Qd4 Nf1+ 65. Kg1) 64... Kg7 65. Ne5+ $2 (65. Ng5+ Kh6 66. Nf7+ Kg7 67. Ne5+ Kg8 68. Qc8+ Kg7 69. Qc7+ Kh6 70. Nf7+ Kg7 71. Ng5+ Kh6 72. h4 Qe5+ 73. Qxe5 Ng4+ 74. Kg3 Nxe5 75. b6) 65... Kh6 66. Nf7+ $2 (66. Qd4) 66... Kg7 $1 {[%emt 0:00:06] [#]} 67. Ng5+ $1 (67. Ne5+ Kg8 68. Qc8+ Kh7 69. Qc7+ Kh6 70. Nf7+ Kh7 71. Ng5+ Kh6 $18) 67... Kh6 {[%emt 0:00:12] [#]} 68. Nf7+ $2 (68. Nf3 $1 $18 {And now Qd2 would win.} Nf1+ (68... Qb2 $2 69. Qd2 $18) 69. Kg1) 68... Kg7 {[%emt 0:02:37] Weighted Error Value: White=0.60/Black=0.55.  Loses game:     	White=2     	---        Missed win:     	White=2     	Black=1      Mistake:       	White=5     	Black=12     Inaccurate:     	White=3     	Black=3      OK:         	White=19    	Black=12     Best:        	White=3     	Black=7      Strong:       	White=3     	Black=1} 1/2-1/2

[Event "7th Sharjah Masters 2024"]
[Site "Sharjah"]
[Date "2024.05.14"]
[Round "1.36"]
[White "Dronavalli, Harika"]
[Black "Petrosyan, Manuel"]
[Result "1/2-1/2"]
[ECO "E32"]
[WhiteElo "2504"]
[BlackElo "2618"]
[Annotator "TA"]
[PlyCount "69"]
[EventDate "2024.05.13"]
[EventType "swiss"]
[EventCountry "UAE"]
[SourceTitle "playchess.com"]
[Source "ChessBase"]
[SourceQuality "1"]
[TimeControl "5400+30"]

1. d4 Nf6 2. c4 e6 3. Nc3 Bb4 4. Qc2 O-O 5. e4 d5 6. e5 Ne4 7. Bd3 c5 8. Nf3 cxd4 9. Nxd4 Nd7 10. Bf4 Qh4 11. g3 Qh5 12. O-O g5 (12... Nxe5 13. Be2 Ng4 14. Bxg4 Qxg4 15. f3 $16 (15. cxd5 Ng5 $11)) 13. cxd5 gxf4 14. dxe6 fxg3 (14... Nxe5 $11 15. Nxe4 fxe6) 15. hxg3 $14 Nxc3 {[%emt 0:01:06] [#]} ({Better is} 15... Bxc3 $14 16. bxc3 Nxe5 17. Bxe4 Bxe6) 16. exd7 {[%emt 0:04:07] White is more active.} ({Reject} 16. bxc3 $6 Nxe5 17. cxb4 Bxe6 $11) (16. Kg2 $1 $16 {Threatens to win with Rh1.} Qxe5 (16... Nxe5 17. Rh1 $18) 17. exd7 Bxd7 18. Bxh7+ (18. bxc3 Rfc8 $14) 18... Kg7 19. bxc3) 16... Bxd7 $11 17. bxc3 Rac8 18. Qd1 Qxd1 19. Raxd1 Bxc3 {[%emt 0:07:04] A strong pair of Bishops.} 20. Bf5 Rc4 21. Bxd7 {[%emt 0:04:26][%cal Oe5e6] [#] Hoping for e6!} Rxd4 22. Rxd4 Bxd4 {[%emt 0:00:34][%mdl 4096] Endgame. KRB-KRB} 23. Re1 Rd8 24. e6 fxe6 {[%emt 0:00:37] The position is equal.} 25. Bxe6+ Kg7 26. Kg2 b5 27. Bb3 Rd7 28. Rd1 a5 29. a4 bxa4 30. Bxa4 Rd6 31. f4 Bc5 32. Rxd6 Bxd6 33. Kf3 h6 34. g4 Kf6 35. g5+ {[%emt 0:45:19] Weighted Error Value: White=0.07 (flawless) /Black=0.07 (flawless) .  Mistake:       	White=1     	Black=2      OK:         	White=6     	Black=14     Best:        	White=1     	Black=2} 1/2-1/2

[Event "7th Sharjah Masters 2024"]
[Site "Sharjah"]
[Date "2024.05.14"]
[Round "1.37"]
[White "Theodorou, Nikolas"]
[Black "Samant Aditya S"]
[Result "1-0"]
[ECO "D37"]
[WhiteElo "2617"]
[BlackElo "2501"]
[Annotator "TA"]
[PlyCount "115"]
[EventDate "2024.05.13"]
[EventType "swiss"]
[EventCountry "UAE"]
[SourceTitle "playchess.com"]
[Source "ChessBase"]
[SourceQuality "1"]
[TimeControl "5400+30"]

1. d4 Nf6 2. Nf3 d5 3. Bf4 e6 4. e3 c5 5. Be2 Nc6 6. O-O Bd6 7. dxc5 Bxc5 8. c4 O-O 9. Nc3 a6 10. cxd5 exd5 11. Rc1 {[%emt 0:00:10] D37: Queen's Gambit Declined: 5 Bf4.} d4 12. Na4 Ba7 13. exd4 Nxd4 14. Nxd4 Qxd4 15. Qxd4 Bxd4 16. Bf3 $146 ({Predecessor:} 16. Rfd1 Ba7 17. Nc5 Bxc5 18. Rxc5 Be6 19. Bf3 Rfd8 20. Rdc1 Bd5 21. Bc7 Rd7 22. Be5 Bxf3 23. Bxf6 {½-½ Schoetzig,A (2216)-Rohne,L (2157) Oberliga Ost-A 1112 2011 (9.4)}) 16... Re8 17. Rfd1 Ba7 18. h3 Bd7 19. Rxd7 Nxd7 20. Bxb7 Rad8 21. Bc7 $1 (21. Bxa6 Re4 22. Bc7 Rde8 $17 (22... Rxa4 23. Bb5 $11)) 21... Nb8 22. Bxd8 Rxd8 23. Bf3 g6 24. Kf1 Kg7 25. Be2 a5 26. Rc7 Rd7 27. Rc8 Rd4 (27... Rd5 $16 {was necessary.} 28. Nc3 Rc5 29. Rxc5 Bxc5) 28. Nc3 $1 $18 Rf4 {[%emt 0:00:50] [#]} 29. f3 $1 Rf6 30. Nb5 Nc6 31. Nc7 (31. Nxa7 Nxa7 32. Ra8 Nc6) 31... Kh6 {[%emt 0:00:51] [#]} 32. Ne8 $1 Re6 33. Bc4 Re5 34. Nd6 Rc5 35. Nxf7+ (35. Bxf7 Rc1+ 36. Ke2 Nd4+ 37. Kd3 Rd1+ 38. Kc4 Rd2 $11) 35... Kh5 (35... Kg7 $142) 36. Rh8 $18 Kh4 37. Nd6 h5 38. b3 Ne7 (38... Nd4 {was worth a try.} 39. Ra8 Rc7) 39. Ne4 $18 Re5 40. Re8 Bd4 41. Bf7 Nf5 42. Rxe5 ({Don't do} 42. Bxg6 Ne3+ 43. Kf2 Nd5+ 44. Ke1 Rxe8 $18) 42... Bxe5 43. Bxg6 Ne3+ $2 (43... Ng3+ 44. Kf2 Bd4+ 45. Ke1 Nxe4) 44. Kf2 $18 Bd4 (44... Nd1+ $142 45. Ke2 Nc3+ 46. Kf2 Nxe4+ 47. fxe4 (47. Bxe4 Bd4+ 48. Ke2 Kg3 $18) 47... Kg5) 45. f4 $18 Nc2+ 46. Ke2 Bb6 47. f5 Nd4+ 48. Kd3 Nc6 49. Be8 Ne5+ 50. Ke2 Bd4 51. a3 Bb2 52. b4 axb4 53. axb4 Bd4 54. f6 Bb6 55. f7 Ng6 56. Bd7 Bc7 57. Bf5 Nf8 58. b5 1-0

[Event "7th Sharjah Masters 2024"]
[Site "Sharjah"]
[Date "2024.05.14"]
[Round "1.38"]
[White "Suleymenov, Alisher"]
[Black "Ivanchuk, Vasyl"]
[Result "0-1"]
[ECO "E12"]
[WhiteElo "2501"]
[BlackElo "2609"]
[Annotator "RC"]
[PlyCount "86"]
[EventDate "2024.05.13"]
[EventType "swiss"]
[EventCountry "UAE"]
[SourceTitle "playchess.com"]
[Source "ChessBase"]
[SourceQuality "1"]
[TimeControl "5400+30"]

1. d4 Nf6 2. c4 e6 3. Nf3 b6 4. a3 Bb7 5. Nc3 d5 6. cxd5 exd5 7. Bg5 Be7 8. Qa4+ c6 9. e3 Nbd7 10. Bd3 h6 11. Bf4 Nh5 12. Be5 Nhf6 13. h3 O-O 14. Bh2 c5 15. Rd1 Ne4 16. Bxe4 dxe4 17. Ne5 Nxe5 18. dxe5 Qe8 19. Rd7 Bc8 20. Rxa7 b5 21. Rxe7 bxa4 22. Rxe8 Rxe8 23. Nxe4 Rb8 24. Nxc5 Rxb2 25. O-O Rc2 26. Ne4 Be6 27. Bg3 Ra2 28. Nd6 Rb8 29. f4 Rbb2 30. Bf2 Rxa3 31. f5 Bb3 32. Nb5 Raa2 33. Nc3 Bc4 34. Rc1 Ra3 35. Nd1 Rd2 36. Be1 Rd7 37. Bb4 Rb3 38. Bd6 Bd3 39. Nc3 a3 40. e4 Rd8 41. Bc5 Ra8 42. Bd4 Rb4 43. Bc5 Rc4 0-1

[Event "7th Sharjah Masters 2024"]
[Site "Sharjah"]
[Date "2024.05.14"]
[Round "1.39"]
[White "Aditya Mittal"]
[Black "Cardoso Cardoso, Jose Gabriel"]
[Result "*"]
[ECO "B92"]
[WhiteElo "2608"]
[BlackElo "2497"]
[Annotator "TA"]
[PlyCount "71"]
[EventDate "2024.05.13"]
[EventType "swiss"]
[EventCountry "UAE"]
[SourceTitle "playchess.com"]
[Source "ChessBase"]
[SourceQuality "1"]
[TimeControl "5400+30"]

1. e4 c5 2. Nf3 d6 3. d4 cxd4 4. Nxd4 Nf6 5. Nc3 a6 6. Be2 e5 7. Nb3 Be7 8. h4 Be6 9. f4 exf4 10. Bxf4 d5 11. e5 Nfd7 12. Nxd5 Bxh4+ (12... Nc6 $142) 13. g3 $16 Be7 14. Bg4 {[%emt 0:16:28] White has more active pieces.} Nc6 15. Bxe6 fxe6 {[%emt 0:00:05] [#]} 16. Qg4 $1 exd5 17. Qxg7 Rf8 18. Rxh7 {[%emt 0:53:14] White threatens Qg6+ and mate.} Qb6 (18... Ncxe5 $16 {was called for.} 19. Bxe5 Bb4+ 20. Bc3 Qe7+ 21. Qxe7+ Bxe7) 19. Qg6+ $18 Kd8 20. O-O-O Nb4 {[%emt 0:06:24] [#]} 21. Qxb6+ (21. Qg7 $1 $18 {[%cal Rg7e7] and White stays clearly on top.} Re8 22. Kb1) 21... Nxb6 $16 22. Na5 (22. Nd4 $16) 22... Rc8 {[%emt 0:39:44] The position is equal.} 23. c3 {[%emt 0:07:24] Chess con chili.} Nxa2+ 24. Kb1 (24. Kc2 {is more complex.} Nb4+ 25. Kb1 Nc6 26. Nxb7+ Kc7 27. Nc5) 24... Nxc3+ $1 25. bxc3 Ke8 $1 26. Rd3 Na4 27. Kc2 (27. Nxb7 Rb8 (27... Rxc3 28. Rd4 $11) 28. Kc2 Rxb7 $17) 27... b5 28. Rh6 b4 29. Nc6 ({Much weaker is} 29. Rxa6 Nc5 (29... Rxc3+ $2 {too greedy.} 30. Rxc3 bxc3 31. e6 $18) 30. Rh6 Nxd3 31. Kxd3 bxc3 $17 (31... Rxc3+ 32. Kd4 $17)) (29. Rxd5 b3+ 30. Nxb3 (30. Kxb3 $2 Rxc3+ 31. Ka2 Ra3+ 32. Kb1 Nc3+ 33. Kb2 Nxd5 $19) 30... Rxc3+ 31. Kd2 Rxb3 $15) 29... Nxc3 30. Kb3 a5 31. Nxa5 Ra8 32. Nc6 Ra3+ 33. Kb2 Ra2+ 34. Kb3 {[%emt 0:00:16][%cal Oc6e7] Nxe7! is the strong threat.} Ra3+ 35. Kb2 Ra2+ 36. Kb3 {[%emt 0:00:52] White really could win this.   Weighted Error Value: White=0.17 (very precise) /Black=0.10 (very precise) .  Mistake:       	White=2     	Black=2      Inaccurate:     	---       	Black=1      OK:         	White=12    	Black=11     Best:        	White=6     	Black=2      Strong:       	White=1     	Black=2} *

[Event "7th Sharjah Masters 2024"]
[Site "Sharjah"]
[Date "2024.05.14"]
[Round "1.40"]
[White "Iniyan, Pa"]
[Black "Idani, Pouya"]
[Result "1-0"]
[ECO "D30"]
[WhiteElo "2497"]
[BlackElo "2605"]
[Annotator "RC"]
[PlyCount "98"]
[EventDate "2024.05.13"]
[EventType "swiss"]
[EventCountry "UAE"]
[SourceTitle "playchess.com"]
[Source "ChessBase"]
[SourceQuality "1"]
[TimeControl "5400+30"]

1. d4 Nf6 2. c4 e6 3. Nf3 d5 4. Bg5 dxc4 5. e4 c5 6. Bxc4 cxd4 7. O-O Nc6 8. Bb5 Qb6 9. Nxd4 Nxe4 10. Nxc6 Bd7 11. Nxa7 Bxb5 12. Be3 Bc5 13. Bxc5 Qxc5 14. Nxb5 Qxb5 15. Na3 Qa4 16. Qxa4+ Rxa4 17. Rfc1 O-O 18. Rc7 Rb4 19. b3 h6 20. Rac1 Rd8 21. f3 Nf6 22. Nc2 Rb5 23. Ne3 Rd2 24. R1c2 Rd3 25. R2c3 Rd2 26. Rc2 Rd3 27. Kf2 Kf8 28. Ke2 Rd8 29. R2c5 Rxc5 30. Rxc5 Ke7 31. Rc7+ Rd7 32. Rxd7+ Kxd7 33. a4 Kc6 34. Kd3 Nd7 35. Nc4 f6 36. b4 h5 37. Kd4 b5 38. axb5+ Kxb5 39. Kc3 e5 40. Nd6+ Kc6 41. Nf5 g5 42. Kd3 Nb6 43. Ng7 h4 44. Ke4 Kd7 45. Kf5 Nd5 46. Nh5 Ke7 47. b5 Kf7 48. Nxf6 Nxf6 49. b6 h3 1-0

[Event "7th Sharjah Masters 2024"]
[Site "Sharjah"]
[Date "2024.05.14"]
[Round "1.41"]
[White "Gupta, Abhijeet"]
[Black "Assaubayeva, Bibisara"]
[Result "1/2-1/2"]
[ECO "D37"]
[WhiteElo "2604"]
[BlackElo "2481"]
[Annotator "TA"]
[PlyCount "71"]
[EventDate "2024.05.13"]
[EventType "swiss"]
[EventCountry "UAE"]
[SourceTitle "playchess.com"]
[Source "ChessBase"]
[SourceQuality "1"]
[TimeControl "5400+30"]

1. d4 Nf6 2. c4 e6 3. Nf3 d5 4. Nc3 h6 5. Bf4 Bd6 6. Bxd6 Qxd6 7. e3 O-O 8. Rc1 {[%emt 0:00:20] White is slightly better.} b6 9. cxd5 Nxd5 10. Nxd5 exd5 11. Bd3 Be6 12. Bb1 Qb4+ (12... Nd7 $11) 13. Qd2 Qxd2+ 14. Kxd2 Rc8 15. Rc3 c5 16. b3 Nd7 17. Rhc1 Rd8 18. Bd3 Bg4 19. Ng1 a5 20. f3 cxd4 21. exd4 Be6 22. Bb5 Nf6 23. Ne2 Bd7 (23... Ne8 $142) 24. Bxd7 $16 Nxd7 25. Rc6 Rab8 26. Rd6 Nf6 27. Rxd8+ Rxd8 {[%emt 0:00:01][%mdl 4096] Endgame. KRN-KRN} 28. Rc7 Kf8 29. Nc3 Rd6 30. Rb7 h5 31. g3 g5 32. Kd3 ({White should play} 32. Nd1 $16) 32... Kg7 (32... g4 $14) 33. Rb8 {[%emt 0:01:26] White is more active.} (33. Nd1 $16) 33... g4 34. f4 (34. fxg4 $14 Nxg4 35. h4) 34... h4 35. gxh4 Nh5 36. Ne2 {[%emt 0:23:51] Weighted Error Value: White=0.13 (very precise) /Black=0.15 (very precise) .  Mistake:       	White=3     	Black=3      Inaccurate:     	White=1     	Black=3      OK:         	White=12    	Black=11     Best:        	---       	Black=3} 1/2-1/2

[Event "7th Sharjah Masters 2024"]
[Site "Sharjah"]
[Date "2024.05.14"]
[Round "1.42"]
[White "Seemann, Jakub"]
[Black "Kuybokarov, Temur"]
[Result "0-1"]
[ECO "A28"]
[WhiteElo "2475"]
[BlackElo "2602"]
[Annotator "TA"]
[PlyCount "82"]
[EventDate "2024.05.13"]
[EventType "swiss"]
[EventCountry "UAE"]
[SourceTitle "playchess.com"]
[Source "ChessBase"]
[SourceQuality "1"]
[TimeControl "5400+30"]

1. c4 e5 2. Nc3 Nf6 3. Nf3 Nc6 4. d3 d5 5. cxd5 Nxd5 6. e4 Nxc3 7. bxc3 Bc5 8. Be2 O-O 9. O-O Bg4 10. Nd2 {[%emt 0:00:30] The position is equal.} Bxe2 11. Qxe2 Qe7 12. Nb3 Bb6 13. Bb2 Rad8 14. Rad1 a5 15. a4 Qe6 16. Nd2 (16. Qc2 $11) 16... Bc5 (16... Qa2 $15 17. Nc4 Qxa4) 17. Nc4 $11 f5 18. exf5 Qxf5 19. Bc1 Rf7 20. Be3 Bf8 21. Qc2 b6 22. Rd2 Ne7 23. Re2 Ng6 24. d4 exd4 25. cxd4 {[%emt 0:00:30] [#]} (25. Qxf5 $1 $11 {keeps the balance.} Rxf5 26. Bxd4) 25... Qd5 {[%emt 0:00:30] Black is more active.} ({Better is} 25... Nf4 $1 $17 26. Rd2 Bb4 27. Qxf5 Rxf5) 26. Ne5 Nxe5 27. dxe5 Bb4 {[%emt 0:00:30] Repels Rd2} (27... Qxe5 $5 28. Bxb6 Qh5 $11) 28. f4 c5 29. Kh1 Qd3 (29... g6 $11) 30. e6 $14 Rb7 31. Qa2 (31. Qxd3 $1 $14 Rxd3 32. f5) 31... c4 $11 32. f5 Rd5 (32... b5 $11) 33. h3 $2 (33. Bg1 $1 $14 Rc7 34. Rb1 (34. Bxb6 Rxf5 35. Rxf5 Qxf5 $11)) 33... Re5 $1 $17 ({Stronger than} 33... Rxf5 34. Rxf5 Qxf5 35. Qxc4 $16) 34. Rf3 h5 35. Qc2 (35. Qb2 $142 Rxf5 36. Rxf5 Qxf5 37. Bf2) 35... b5 36. axb5 Rbxb5 37. f6 gxf6 {[%emt 0:00:30] Threatens to win with ...Bd6.} 38. Rg3+ $2 (38. Ref2 Qxc2 (38... Rxe3 39. Rxe3 Qxc2 40. Rxc2 $16) (38... Rxe6 $2 39. Bd4 $19) 39. Rxc2) 38... Kh7 39. Rf2 Be1 {[%emt 0:00:30] [#] ( -> ...Qxc2)} 40. Rgf3 Bxf2 41. Qxf2 Rxe6 {[%emt 0:00:30] Weighted Error Value: White=0.41/Black=0.28 (precise) .  Mistake:       	White=6     	Black=5      Inaccurate:     	White=3     	Black=2      OK:         	White=10    	Black=8      Best:        	White=2     	---        Strong:       	---       	Black=1} (41... Rf5 $142 42. Bf4 Qe4) 0-1

[Event "7th Sharjah Masters 2024"]
[Site "Sharjah"]
[Date "2024.05.14"]
[Round "1.43"]
[White "Vakhidov, Jakhongir"]
[Black "Gholami Orimi, Mahdi"]
[Result "1-0"]
[ECO "A21"]
[WhiteElo "2599"]
[BlackElo "2470"]
[Annotator "TA"]
[PlyCount "71"]
[EventDate "2024.05.13"]
[EventType "swiss"]
[EventCountry "UAE"]
[SourceTitle "playchess.com"]
[Source "ChessBase"]
[SourceQuality "1"]
[TimeControl "5400+30"]

1. c4 e5 2. Nc3 Bb4 3. Nd5 Bc5 4. e3 c6 5. d4 exd4 6. exd4 Be7 7. Nxe7 Nxe7 8. Bd3 {[%emt 0:00:30] White is slightly better.} d5 9. c5 Bf5 {[%emt 0:00:30] Black is weak on the dark squares} 10. Ne2 O-O 11. O-O Nd7 12. Ng3 Bxd3 13. Qxd3 b6 14. Be3 Re8 15. b4 a5 16. a3 Qc7 17. Bd2 axb4 18. axb4 Qb7 19. h4 Nf8 20. h5 h6 21. Rxa8 Rxa8 22. Re1 Ne6 (22... Ra7 $11 {keeps the balance.}) 23. f4 $1 $16 {[%emt 0:00:30] Threatens to win with f5. White is more active.} Nf8 (23... bxc5 $16 24. dxc5 Nf8) 24. cxb6 $18 Kh8 25. b5 $1 Ng8 26. Nf5 Qxb6 {[%emt 0:00:30] [#]} 27. Qg3 $1 (27. Nd6 Qc7 28. Bb4 cxb5 $11) 27... g6 {[%emt 0:00:30] [#]} (27... Ne6 $2 28. Rxe6 g6 29. Nd6 $18 (29. Rxc6 Qxb5 30. hxg6 Qb1+ 31. Qe1 Qxf5 $18)) 28. Nd6 ({Don't do} 28. hxg6 $6 fxg6 29. Nd6 cxb5 $16) 28... Qxd4+ (28... cxb5 $142 29. f5 (29. Nxf7+ Kg7 $16) 29... gxh5) 29. Be3 Qf6 30. f5 cxb5 $2 {[%emt 0:00:30] [#]} (30... gxf5 31. b6 (31. bxc6 Ne6 $16) 31... Ra1) 31. Nxf7+ $1 Kg7 (31... Kh7 32. fxg6+) 32. hxg6 Ra1 33. Rxa1 {[%emt 0:00:30] White mates.} Qxa1+ 34. Kh2 Qf6 35. Nd6 Kh8 36. Ne8 {[%emt 0:00:30] Weighted Error Value: White=0.05 (flawless) /Black=0.41.  Mistake:       	---       	Black=4      Inaccurate:     	White=2     	Black=2      OK:         	White=9     	Black=11     Best:        	White=2     	Black=1      Strong:       	White=3     	---        Brilliant:      	White=1     	---} 1-0

[Event "7th Sharjah Masters 2024"]
[Site "Sharjah"]
[Date "2024.05.14"]
[Round "1.44"]
[White "Royal, Shreyas"]
[Black "Jumabayev, Rinat"]
[Result "1-0"]
[ECO "D12"]
[WhiteElo "2464"]
[BlackElo "2597"]
[Annotator "TA"]
[PlyCount "81"]
[EventDate "2024.05.13"]
[EventType "swiss"]
[EventCountry "UAE"]
[SourceTitle "playchess.com"]
[Source "ChessBase"]
[SourceQuality "1"]
[TimeControl "5400+30"]

1. d4 d5 2. c4 c6 3. Nf3 Nf6 4. e3 Bf5 5. Nc3 e6 6. Nh4 Be4 7. f3 Bg6 8. Bd2 Be7 9. Nxg6 hxg6 {[%emt 0:00:20] The position is equal.} 10. Qc2 Nbd7 11. O-O-O dxc4 12. Bxc4 a6 13. Kb1 b5 14. Be2 c5 $1 15. g4 cxd4 16. exd4 Nb6 17. g5 Nfd5 18. Nxd5 Qxd5 19. Qe4 Rc8 20. h4 Bd6 21. Bd3 Ke7 22. Qg4 Na4 (22... b4 $11) 23. Rc1 (23. Rhe1 $1 $14) 23... Bc5 $2 {[%emt 0:12:50] [#] White leaves nothing to chance now.} 24. b3 $18 Ba3 25. Rxc8 Rxc8 26. bxa4 bxa4 {[%emt 0:00:54] [#] ( -> ...Qb7+)} 27. Ka1 $1 (27. Bxa6 $2 Rb8+ 28. Kc2 (28. Ka1 Rb2) 28... Qc6+ (28... Qxa2+ 29. Kd3 $11) 29. Kd3 Qxa6+ 30. Ke3 Qc4 $19) 27... Rd8 28. Rd1 {[%emt 0:01:53][%cal Og4e4] Threatens to win with Qe4!} (28. Bxa6 Qd6 29. Bb7 Bb4 30. Bxb4 Qxb4 $17) 28... Qc6 (28... Bc5 {might work better.} 29. Bc3 (29. Bxa6 $2 Bxd4+ 30. Kb1 Qc5 $19) (29. dxc5 $2 Qe5+ 30. Kb1 a3 $19) 29... Bxd4 30. Qxd4 (30. Bxa6 $2 Bxc3+ 31. Kb1 Qxd1#) 30... Qxd4 31. Bxd4 Rxd4) 29. Rb1 Kf8 (29... Qd6 {is a better defense.} 30. Ba5 Qxd4+ 31. Qxd4 Rxd4) 30. Qe4 Qd6 31. Bc3 Rc8 32. Qe1 a5 33. Qd2 (33. Bxa5 $2 Qxd4+ $19) 33... Kg8 34. Bb5 (34. Bxa5 $2 Qxd4+ 35. Rb2 Bxb2+ (35... Qxb2+ 36. Qxb2 Bxb2+ 37. Kxb2 $18) 36. Qxb2 Qxd3 $19) 34... Qd5 35. Qd3 ({Resist} 35. Bxa5 Ra8 $18) (35. Bxa4 Qc4 $15 (35... Qxf3 $2 36. Bxa5 Qg3 37. Bb3 $18)) 35... Bb4 36. Bxb4 {[%emt 0:00:20] White is clearly winning.} axb4 37. Rxb4 Qd6 38. Rc4 ({Much less strong is} 38. Rxa4 Rc1+ 39. Kb2 Rh1 $18) 38... Rd8 (38... Rxc4 $142 39. Bxc4 (39. Qxc4 a3 $18) 39... Qb4) 39. Bxa4 Qh2 40. Bb3 Qxh4 41. Qe3 {[%emt 0:00:08] Weighted Error Value: White=0.18 (very precise) /Black=0.40.  Loses game:     	---       	Black=1      Mistake:       	White=1     	Black=4      OK:         	White=9     	Black=6      Best:        	White=2     	Black=2      Strong:       	White=1     	Black=1} 1-0